 Dungeon Crawl Stone Soup version 0.28.0-47-ge53b351184 (webtiles) character file.

Game seed: 16894276264996374901

0 firemarshallily the Sneak (level 1, -6/18 HPs)
             Began as a Demonspawn Delver on Apr 25, 2022.
             Mangled by a gnoll
             ... wielding a +0 spear
              (7 damage)
             ... on level 3 of the Dungeon.
             The game lasted 00:01:45 (129 turns).

firemarshallily the Sneak (Demonspawn Delver)        Turns: 129, Time: 00:01:46

Health: -6/18      AC:  3    Str: 12    XL:     1   Next: 8%
Magic:  1/1        EV: 11    Int: 11    God:
Gold:   0          SH:  0    Dex: 14    Spells: 0/0 levels left

rFire   . . .      SeeInvis +   a - +0 hand axe
rCold   . . .      Faith    .   (no shield)
rNeg    . . .      Spirit   .   b - +0 leather armour
rPois   .          Reflect  .   (no helmet)
rElec   .          Harm     .   (no cloak)
rCorr   .          Rampage  .   (no gloves)
Will    .....                   (no boots)
Stlth   ++........              (no amulet)
HPRegen 0.06/turn               h - ring of see invisible
MPRegen 0.07/turn               (no ring)

@: no status effects
A: no striking features
a: no special abilities


You were on level 3 of the Dungeon.
You visited 1 branch of the dungeon, and saw 3 of its levels.

Inventory:

Hand Weapons
 a - a +0 hand axe (weapon)
Missiles
 j - 12 stones (quivered)
Armour
 b - a +0 leather armour (worn)
Jewellery
 h - a ring of see invisible (left hand)
Wands
 g - a wand of digging (3)
Scrolls
 c - a scroll of fog
 d - a scroll of magic mapping
 e - 2 scrolls of fear
Potions
 f - a potion of heal wounds {unknown}
 i - a potion of invisibility {unknown}


   Skills:
 + Level 3.0 Fighting
 * Level 1.8 Axes
 + Level 0.0 Armour
 - Level 1.7 Dodging
 + Level 4.5 Stealth


You couldn't memorise any spells.
You didn't know any spells.
Your spell library was empty.

Dungeon Overview and Level Annotations

Branches:
Dungeon (5/15)
 Temple: D:4-7

Altars:
Vehumet


Message History

The rat barely misses you.
You barely miss the rat.
The rat is moderately wounded.
Your extra speed is starting to run out.
The rat bites you but does no damage.
You slash the rat!
You kill the rat!
You see here a rat corpse.
You open the door.
Found 5 arrows.
You feel yourself slow down.
There is an open door here.
Found a brown potion and a robe.
Found a glowing golden potion.
f - a brown potion
i - a glowing golden potion
Found 13 stones.
A gnoll comes into view. It is wielding a +0 spear.
Found 15 gold pieces, a leather armour and a dagger.
The gnoll shouts!
You hear a shout!
You see here 13 stones.
j - 13 stones Throw: 13 stones
Press: ? - help, Q - select action Shift-Dir - straight line, f - gnoll
Aim: a gnoll, wielding a +0 spear (63% to hit)
You throw a stone.
The stone hits the gnoll but does no damage.
The gnoll barely misses you. The gnoll hits you with a +0 spear.
You hit the gnoll.
The gnoll is moderately wounded.
The gnoll hits you with a +0 spear.
You hit the gnoll.
The gnoll is heavily wounded.
The gnoll hits you with a +0 spear!
* * * LOW HITPOINT WARNING * * *
You barely miss the gnoll.
The gnoll is heavily wounded.
The gnoll hits you with a +0 spear!
You die...

#. ### #)# ### #.. [..
..# #+# #.# #.# #.# ##...
#.# #.###.# ##.... #.#
#.#.#.# ##.....
.##.###.###.....###......
.........................
##.@g...............
#####...####.#..... #..##
#.##.... #..$. #.###...
##.##. #.# ##'# #.# ##.#
#.# #.. [.# #.# ## ###
##.# ######†..


You could see a gnoll.

Vanquished Creatures
  A rat (D:3)
1 creature vanquished.

Notes
Turn   | Place    | Note
-------+----------+-------------------------------------------
     0 | D:5      | firemarshallily the Demonspawn Delver began the quest for
                  | the Orb.
     0 | D:5      | Reached XP level 1. HP: 18/18 MP: 1/1
     2 | D:5      | Found a radiant altar of Vehumet.
    43 | D:4      | Noticed an iguana
    62 | D:4      | Noticed an orc priest
   129 | D:3      | Mangled by a gnoll

Illustrated notes

Levels and vault maps discovered:
D:3:      layout_loops_corners
D:4:      layout_rooms, minmay_temple_entry_enclosed_plants
D:5:      layout_cave_pools, mainiacjoe_overflow_brackets,
          chequers_temple_overflow_minitemple, serial_shops,
          nicolae_shop_hallway_plus, nicolae_underground_beach

Action                   || total
-------------------------++-------
Melee: Hand axe          ||     7
Throw: Stone             ||     1
  Use: Potion            ||     1
 Stab: Sleeping          ||     1
Armor: Leather armour    ||     2
Dodge: Dodged            ||     6
